 Dungeon Crawl Stone Soup version 0.14.1-9-g552248a (webtiles) character file.

224082 Heini the Shatterer (level 18, -1/176 HPs)
             Began as a Minotaur Fighter on May 22, 2014.
             Was the Champion of Okawaru.
             Killed from afar by a deep elf sorcerer (33 damage)
             ... with a bolt of negative energy
             ... on Level 3 of the Elven Halls on May 26, 2014.
             The game lasted 03:58:25 (46723 turns).

Heini the Shatterer (Minotaur Fighter)             Turns: 46723, Time: 03:58:25

HP  -1/176       AC 27     Str 34      XL: 18   Next: 48%
MP  13/13        EV  8     Int  5      God: Okawaru [******]
Gold 3196        SH  0     Dex 19      Spells:  0 memorised, 17 levels left

rFire  + + .     SeeInvis +     h - +7,+5 great mace "Zuyxoczo" {drain, rElec Str+3 Dex+2}
rCold  + + .     Clarity  .     I - +3 plate armour {rF+}
rNeg   . . .     Conserve .     (no shield)
rPois  +         rCorr    .     X - +2 hat of the Alchemist {rElec rF+ rC+ MR+}
rElec  +         rRot     .     y - +3 cloak of Ikhecybb {rPois Str+3 Dex+3}
SustAb . .       Spirit   .     l - +0 pair of gloves "Paugomea" {rPois rC+ MR+ Stlth+}
rMut   .         Warding  .     (no boots)
Gourm  +         Stasis   .     x - amulet of the gourmand
MR     +++..                    S - ring "Okhluer" {rElec SInv}
                                f - +3 ring of dexterity

@: studying Crossbows, very heavily drained, extremely resistant to hostile
enchantments, extremely unstealthy
A: retaliatory headbutt, horns 2, icy blue scales 1
a: Heroism, Finesse, Renounce Religion
}: 1/15 runes: serpentine


You were on level 3 of the Elven Halls.
You worshipped Okawaru.
Okawaru was exalted by your worship.
You were not hungry.

You visited 7 branches of the dungeon, and saw 38 of its levels.
You also visited: Labyrinth and Sewer.

You collected 3238 gold pieces.
You spent 42 gold pieces at shops.

Inventory:

Hand weapons
 h - the +7,+5 great mace "Zuyxoczo" (weapon) {drain, rElec Str+3 Dex+2}
   (Okawaru gifted it to you on level 12 of the Dungeon)

   A truly terrible weapon, it drains the life of those it strikes.
   It affects your strength (+3).
   It affects your dexterity (+2).
   It insulates you from electricity.
 P - a +5,+2 dire flail of holy wrath
Armour
 l - the +0 pair of gloves "Paugomea" (worn) {rPois rC+ MR+ Stlth+}
   (You found it on level 1 of the Lair of Beasts)

   It protects you from cold.
   It protects you from poison.
   It affects your resistance to hostile enchantments.
   It makes you much more stealthy.
 y - the +3 cloak of Ikhecybb (worn) {rPois Str+3 Dex+3}
   (Okawaru gifted it to you on level 4 of the Snake Pit)

   It affects your strength (+3).
   It affects your dexterity (+3).
   It protects you from poison.
 I - a +3 plate armour of fire resistance (worn)
 X - the +2 hat of the Alchemist (worn) {rElec rF+ rC+ MR+}
   (You found it on level 10 of the Dungeon)

   It protects you from fire.
   It protects you from cold.
   It insulates you from electricity.
   It affects your resistance to hostile enchantments.
Magical devices
 j - a wand of teleportation (6)
 m - a wand of digging (15)
 o - a wand of digging (9)
 v - a wand of heal wounds (3)
 T - a wand of paralysis (7)
 Y - a wand of digging (10)
 Z - a wand of teleportation (3)
Comestibles
 c - 5 bread rations
 d - 4 meat rations
 E - an apple
 K - 4 chokos
 V - 4 pears
Scrolls
 a - a scroll of enchant weapon III
 b - a scroll of holy word
 i - 2 scrolls of enchant armour
 n - 3 scrolls of amnesia
 p - 4 scrolls of identify
 t - a scroll of fog
 w - 3 scrolls of enchant weapon I
 B - 4 scrolls of teleportation
 M - a scroll of brand weapon
 O - a scroll of fear
 U - 3 scrolls of remove curse
Jewellery
 f - a +3 ring of dexterity (left hand)
 u - the ring "Mnaro" {rPois Int+3 Acc+3}
   (You found it on level 14 of the Dungeon)

   [ring of intelligence]

   It affects your intelligence (+3).
   It affects your accuracy with ranged weapons and melee attacks (+3).
   It protects you from poison.
 x - an amulet of the gourmand (around neck)
 z - an uncursed ring of sustenance
 D - an uncursed ring of protection from cold {unknown}
 F - an uncursed ring of regeneration
 N - a +3 ring of strength
 S - the ring "Okhluer" (right hand) {rElec SInv}
   (You found it on level 5 of the Lair of Beasts)

   [ring of see invisible]

   It insulates you from electricity.
Potions
 e - a potion of invisibility
 g - 4 potions of curing
 k - a potion of flight
 r - a potion of porridge
 s - 2 potions of haste
 C - 2 potions of agility
 G - a potion of brilliance
 H - a potion of resistance
 J - 7 potions of might
 L - a potion of heal wounds
 R - a potion of restore abilities
 W - a potion of berserk rage
Books
 q - a manual of Crossbows
Miscellaneous
 A - a plain deck of war
 Q - an ornate deck of war {the Hammer}


   Skills:
 * Level 19.4(12.9) Fighting
 * Level 25.2(18.0) Maces & Flails
 * Level 19.1(12.7) Armour
 - Level 4.0(0.0) Dodging
   Level 3.7(0.0) Shields
 + Level 2.2(0.0) Invocations
 - Level 0.6(0.0) Evocations


You had 17 spell levels left.
You didn't know any spells.

Dungeon Overview and Level Annotations

Branches:
Dungeon (15/15)            Temple (1/1) D:4             Orc (4/4) D:10
    Elf (3/3) Orc:4          Lair (8/8) D:11         Shoals (2/5) Lair:3
  Snake (5/5) Lair:6        Slime (0/6) Lair:7       Vaults (0/5) D:14
 Depths (0/5) D:15

Altars:
Ashenzari
Cheibriados
Dithmenos
Elyvilon
Fedhas
Kikubaaqudgha
Makhleb
Nemelex Xobeh
Okawaru
Sif Muna
Trog
Vehumet
Xom
Yredelemnul
Zin
The Shining One
Beogh
Jiyva

Shops:
D:6 [   D:9 *   D:13 :   Orc:2 %   Orc:4 *(([*

Portals:
Hell: Lair:8

Annotations:
Lair:2 exclusion: oklob plant
Lair:5 exclusion: ice statue


Innate Abilities, Weirdness & Mutations

You reflexively headbutt those who attack you in melee.
You have a pair of horns on your head.
You are partially covered in icy blue scales (AC +1).


Message History

The deep elf sorcerer mumbles some strange words.
The deep elf sorcerer seems to speed up.
Items here: $ ( ) [ } 2 arrows; an encrusted trident {antimagic}; a leather armour; a fan of gales 8 gold pieces
Things that are here:
a scimitar; a scale mail; an elf corpse The deep elf sorcerer gestures at you while chanting.
The bolt of negative energy hits the blizzard demon.
The blizzard demon completely resists.
The bolt of negative energy hits you!
You feel drained.
* * * LOW HITPOINT WARNING * * *
A deep elf sorcerer comes into view. It is wielding a runed hand axe.
You see here a +1,+0 great mace of draining.
Your plate armour prevents you from hitting the blizzard demon.
The deep elf sorcerer casts a spell at you.
The bolt of negative energy hits the blizzard demon.
The blizzard demon completely resists.
The bolt of negative energy hits you!
You feel drained.
You die...

##### ######e######
#.(.. ....#
.#...≈≈.≈≈1..##
#.... #.).#
#..§§§≈≈.≈≈e4..4.
#.... #.###
#§§§§≈e≈≈e4.# ###..
..# #§§§≈≈(≈≈e4.#
#!. #####
######(###### ###.#
....# #)# #....
##### #2# ###.# #@#
###.# #)# #.... #.#
#.#.. ##.## #....
##...## #.#.. #####
#[.#).###########...
....#
#.###)).............
######
#..#..##########....
#.# #......### ###.#


You could see a blizzard demon and 2 deep elf sorcerers.

Vanquished Creatures
  Norris (Snake:5)
  Vashnia (Snake:3)
  The ghost of Dadi the Executioner, a mighty MiFi of Okawaru (Snake:5)
  An Executioner (Elf:3)
  Frances (Shoals:2)
  Rupert (Snake:2)
  A deep elf sorcerer (Elf:3)
  Wiglaf (Snake:4)
  12 greater nagas
  Aizul (Snake:2)
  A frost giant (D:13)
  A stone giant (Orc:4)
  A deep elf annihilator (Elf:3)
  3 deep elf demonologists
  An ettin (D:15)
  A minotaur (Lab)
  Josephine (D:15)
  A siren (Shoals:1)
  The ghost of Badjas the Cleaver, a powerful HOFi of Beogh (D:12)
  2 dire elephants (Lair:8)
  2 deep elf death magi (Elf:3)
  Snorg (Elf:3)
  10 hydras
  2 merfolk impalers (Shoals:1)
  2 ogre magi
  19 naga warriors
  A spectral elf (Elf:3)
  11 death yaks
  An orc high priest (Elf:1)
  2 soul eaters
  9 anacondas
  3 centaur warriors
  A sun demon (Lair:8)
  14 naga sharpshooters
  5 shock serpents
  A tengu warrior (D:15)
  A deep troll (D:15)
  Erolcha (D:9)
  5 hill giants
  A catoblepas (Lair:8)
  7 naga ritualists
  6 deep elf summoners
  A wizard (Lair:8)
  4 unseen horrors
  An ice statue (Elf:3)
  12 sea snakes
  5 salamander mystics
  2 wolf spider zombies
  10 deep elf conjurers
  7 orc knights (Orc:4)
  12 deep elf knights
  The ghost of Turgon the Martial Artist, an experienced DsGl of Ashenzari (D:7)
  14 salamanders
  5 manticores
  5 cyclopes
  A sixfirhy (Orc:4)
  An elephant (Lair:8)
  35 black mambas
  3 drowned souls (Shoals:1)
  The ghost of Heini the Chopper, an experienced HOFi (D:4)
  7 fauns (Shoals:2)
  A smoke demon (Lair:8)
  10 guardian serpents
  2 orange demons
  2 orc sorcerers
  A gargoyle (D:12)
  13 mana vipers
  4 griffons
  An efreet (D:15)
  2 feature mimics
  10 spiny frogs
  17 naga magi
  A yaktaur (D:15)
  11 deep elf priests
  2 hellwings
  4 blue devils (Lair:8)
  A merfolk (shapeshifter) (Elf:3)
  A tengu conjurer (D:15)
  7 merfolk
  A minotaur zombie (Lab)
  15 blink frogs
  A wind drake (Shoals:1)
  A fire vortex (D:13)
  A blink frog (shapeshifter) (D:14)
  A freezing wraith (Lair:5)
  8 two-headed ogres
  5 red devils (Lair:8)
  An iron devil (Elf:2)
  Prince Ribbit (D:7)
  3 polar bears (Lair:5)
  8 trolls
  3 boulder beetles
  A griffon zombie (D:12)
  A slime creature (shapeshifter) (Elf:2)
  11 deep elf magi
  3 basilisks
  2 ravens (D:15)
  2 fire drakes
  A raiju (shapeshifter) (Elf:3)
  A trapdoor spider (D:11)
  2 shadows (D:12)
  5 sharks
  2 grizzly bears
  A spriggan (Lair:2)
  A trapdoor spider (shapeshifter) (Elf:2)
  3 hill giant zombies (D:12)
  2 tarantellas
  38 yaks
  2 komodo dragons
  A jumping spider (Elf:2)
  Grum (Orc:2)
  2 wyverns (D:12)
  14 hippogriffs
  3 hungry ghosts
  A steam dragon (D:11)
  9 vampire mosquitoes
  10 wargs
  24 deep elf fighters
  A fire elemental (D:13)
  4 redbacks
  21 ugly things
  2 mottled dragons
  Edmund (D:7)
  28 water moccasins
  73 nagas
  12 wolves
  41 orc warriors
  8 porcupines
  2 black bears
  A human skeleton (D:13)
  A soldier ant (D:12)
  4 necrophages
  12 ogres
  4 sky beasts
  2 giant goldfish
  19 ice beasts
  A manticore zombie (D:11)
  A phantom (D:5)
  5 lava worms (D:13)
  20 centaurs
  An orc skeleton (D:15)
  A yellow wasp (D:13)
  Duvessa (D:4)
  A brain worm (D:13)
  23 giant frogs
  13 crocodiles
  7 giant slugs
  2 giant slug zombies (D:15)
  7 big kobolds
  A cyclops zombie (D:13)
  6 killer bees (D:8)
  2 scorpions
  3 cyclops skeletons
  A wyvern skeleton (D:11)
  An eye of draining (D:14)
  A troll zombie (D:12)
  11 wights
  A tengu skeleton (D:10)
  5 crimson imps
  3 quasits
  5 jellies
  Dowan (D:4)
  3 goliath beetles
  7 hounds
  7 wandering mushrooms
  2 giant frog zombies
  3 basilisk zombies
  2 electric eels
  A big fish (Orc:3)
  18 orc priests
  3 centaur skeletons
  A giant frog skeleton (D:6)
  A gnoll shaman (D:8)
  10 worker ants
  A cyclops simulacrum (D:15)
  8 iguanas
  A basilisk skeleton (D:15)
  3 orange rats
  33 orc wizards
  A shapeshifter simulacrum (D:15)
  3 sheep
  Ijyb (D:2)
  An ogre skeleton (D:7)
  2 mummies (D:12)
  A worker ant zombie (D:11)
  40 adders
  55 green rats
  5 gnolls (D:8)
  2 shadow imps
  A steam dragon zombie (D:8)
  A worm zombie (D:7)
  3 white imps (Lair:5)
  6 worms
  4 giant mites
  2 giant eyeballs
  199 orcs
  5 giant cockroaches
  16 hobgoblins
  10 jackals
  71 kobolds
  2 oozes
  11 quokkas
  7 ball pythons
  19 bats
  A giant cockroach zombie (D:5)
  11 giant geckos
  2 giant newts
  2 giant spores (D:11)
  18 goblins
  A hobgoblin skeleton (D:6)
  2 hobgoblin zombies
  A kobold skeleton (D:5)
  5 orc zombies
  A quokka zombie (D:5)
  43 rats
  A rat skeleton (D:4)
  13 ballistomycetes
  2 bushes (D:5)
  2 crawling corpses (Elf:1)
  7 fungi
  4 plants
1596 creatures vanquished.

Vanquished Creatures (others)
  7 drowned souls (Shoals:1)
  A gnoll (D:3)
  An orc (Orc:1)
  3 giant spores
  A kobold (D:7)
  2 fungi
  A plant (Lair:6)
16 creatures vanquished.

Grand Total: 1612 creatures vanquished

Notes
Turn   | Place    | Note
--------------------------------------------------------------
     0 | D:1      | Heini, the Minotaur Fighter, began the quest for the Orb.
     0 | D:1      | Reached XP level 1. HP: 19/19 MP: 1/1
   207 | D:1      | Reached XP level 2. HP: 25/27 MP: 1/1
   312 | D:1      | Reached skill level 4 in Fighting
   631 | D:2      | Reached XP level 3. HP: 31/33 MP: 2/2
   650 | D:2      | Noticed Ijyb
   669 | D:2      | Killed Ijyb
   918 | D:2      | Reached XP level 4. HP: 41/41 MP: 2/2
  1055 | D:2      | Reached skill level 1 in Dodging
  1116 | D:3      | Found a sparkling altar of Nemelex Xobeh.
  1301 | D:3      | Found a shimmering altar of Xom.
  1620 | D:4      | Noticed Heini's ghost (experienced HOFi)
  1633 | D:4      | Killed Heini's ghost
  1633 | D:4      | Reached skill level 5 in Fighting
  1633 | D:4      | Reached skill level 5 in Maces & Flails
  1633 | D:4      | Reached skill level 5 in Armour
  1633 | D:4      | Reached XP level 5. HP: 11/48 MP: 2/2
  1633 | D:4      | Reached XP level 6. HP: 12/56 MP: 3/3
  1956 | D:4      | Paralysed by a giant eyeball for 3 turns
  1962 | D:4      | Paralysed by a giant eyeball for 2 turns
  2003 | D:4      | Noticed Duvessa
  2003 | D:4      | Noticed Dowan
  2009 | D:4      | Reached skill level 6 in Armour
  2022 | D:4      | Killed Duvessa
  2022 | D:4      | Reached XP level 7. HP: 38/61 MP: 3/3
  2035 | D:4      | Killed Dowan
  2331 | D:4      | Found a staircase to the Ecumenical Temple.
  2343 | Temple   | Entered the Ecumenical Temple
  2396 | Temple   | Became a worshipper of Warmaster Okawaru
  2507 | D:4      | Noticed a big kobold
  2531 | D:4      | Killed a big kobold
  2805 | D:4      | Noticed a sky beast
  2824 | D:4      | Killed a sky beast
  2824 | D:4      | Acquired Okawaru's first power
  3100 | D:4      | Noticed an ogre
  3111 | D:4      | Killed an ogre
  3111 | D:4      | Reached skill level 7 in Armour
  3308 | D:4      | Reached XP level 8. HP: 65/70 MP: 3/3
  3447 | D:4      | Found a deep blue altar of Sif Muna.
  3670 | D:5      | Entered Level 5 of the Dungeon
  3816 | D:5      | Found an ancient bone altar of Kikubaaqudgha.
  3935 | D:5      | Found a radiant altar of Vehumet.
  3935 | D:5      | Found a shattered altar of Ashenzari.
  3936 | D:5      | Found a glowing golden altar of the Shining One.
  3943 | D:5      | Found a white marble altar of Elyvilon.
  4168 | D:5      | Reached skill level 8 in Maces & Flails
  4268 | D:5      | Found a glowing drain.
  4277 | Sewer    | Entered a sewer
  5719 | D:6      | Found an iron altar of Okawaru.
  5754 | D:6      | Reached XP level 9. HP: 68/79 MP: 4/4
  5755 | D:6      | Found Nilid's Armour Emporium.
  5793 | D:6      | Reached skill level 9 in Maces & Flails
  6526 | D:6      | Reached skill level 10 in Maces & Flails
  6668 | D:6      | Found a snail-covered altar of Cheibriados.
  7231 | D:7      | Noticed Edmund
  7244 | D:7      | Reached skill level 1 in Invocations
  7246 | D:7      | Killed Edmund
  7363 | D:7      | Noticed Prince Ribbit
  7376 | D:7      | Killed Prince Ribbit
  7376 | D:7      | Reached skill level 11 in Maces & Flails
  7432 | D:7      | Noticed Turgon's ghost (experienced DsGl)
  7453 | D:7      | Killed Turgon's ghost
  7453 | D:7      | Reached skill level 10 in Armour
  7453 | D:7      | Reached XP level 10. HP: 69/91 MP: 3/6
  8226 | D:8      | Reached skill level 12 in Maces & Flails
  8759 | D:9      | Noticed Erolcha
  8775 | D:9      | Killed Erolcha
  8775 | D:9      | Reached skill level 10 in Fighting
  8911 | D:9      | Found Sempempe's Serpentskin Sales.
  9180 | D:10     | Entered Level 10 of the Dungeon
  9220 | D:10     | Found a staircase to the Orcish Mines.
  9295 | D:10     | Reached XP level 11. HP: 101/101 MP: 6/6
  9590 | Orc:1    | Entered Level 1 of the Orcish Mines
  9769 | Orc:1    | Reached skill level 13 in Maces & Flails
  9781 | Orc:1    | Acquired Okawaru's second power
  9846 | Orc:1    | Found a bloodstained altar of Trog.
 10211 | Orc:2    | Found Khoul's Food Shop.
 10211 | Orc:2    | Noticed Grum
 10236 | Orc:2    | Killed Grum
 10745 | D:11     | Found a staircase to the Lair.
 10802 | D:11     | Noticed a hill giant
 10811 | D:11     | Killed a hill giant
 11251 | D:11     | Reached skill level 14 in Maces & Flails
 11274 | D:11     | Noticed a hill giant
 11284 | D:11     | Killed a hill giant
 11285 | D:11     | Noticed a hill giant
 11314 | D:11     | Killed a hill giant
 11556 | D:11     | Received a gift from Okawaru
 11808 | D:11     | Reached XP level 12. HP: 112/112 MP: 8/8
 11919 | D:12     | Noticed an ogre mage
 11943 | D:12     | Killed an ogre mage
 11943 | D:12     | Reached skill level 15 in Maces & Flails
 12437 | D:12     | Received a gift from Okawaru
 12438 | D:12     | Got a fine great mace {god gift}
 12440 | D:12     | Identified the +7,+5 great mace "Zuyxoczo" {drain, rElec Str+3 Dex+2} (Okawaru gifted it to you on level 12 of the Dungeon)
 12648 | D:12     | Noticed Badjas' ghost (powerful HOFi)
 12654 | D:12     | Killed Badjas' ghost
 13045 | D:12     | Reached skill level 16 in Maces & Flails
 13378 | D:13     | Noticed a frost giant
 13693 | D:13     | Received a gift from Okawaru
 13694 | D:13     | Got a pair of brightly glowing boots {god gift}
 13957 | D:13     | Found Birgh's Book Boutique.
 14424 | D:14     | Reached XP level 13. HP: 119/122 MP: 9/9
 14458 | D:14     | Identified the -6 pair of boots "Feuceu" {Int-3} (Okawaru gifted it to you on level 13 of the Dungeon)
 14553 | D:13     | Killed a frost giant
 14670 | D:12     | Reached skill level 17 in Maces & Flails
 14736 | Lair:1   | Entered Level 1 of the Lair of Beasts
 15021 | Lair:1   | Got a pair of ichor-stained gloves
 15027 | Lair:1   | Identified the +0 pair of gloves "Paugomea" {rPois rC+ MR+ Stlth+} (You found it on level 1 of the Lair of Beasts)
 16909 | Lair:3   | Found a staircase to the Shoals.
 16936 | Lair:3   | Received a gift from Okawaru
 16937 | Lair:3   | Got a pair of dazzling gloves {god gift}
 16941 | Lair:3   | Identified the -5 pair of gloves of Watchfulness {Str+4 Int+5} (Okawaru gifted it to you on level 3 of the Lair of Beasts)
 17347 | Lair:4   | Found a labyrinth entrance.
 17351 | Lab      | Entered a labyrinth
 19817 | Lair:4   | Reached skill level 18 in Maces & Flails
 20767 | Lair:5   | Got a wavering marble ring
 21565 | Lair:6   | Reached XP level 14. HP: 95/133 MP: 9/9
 21765 | Lair:6   | Found a staircase to the Snake Pit.
 21783 | Snake:1  | Entered Level 1 of the Snake Pit
 21907 | Lair:6   | Received a gift from Okawaru
 22874 | Lair:7   | Found a viscous altar of Jiyva.
 22874 | Lair:7   | Found a staircase to the Slime Pits.
 22913 | Lair:7   | Reached skill level 19 in Maces & Flails
 22998 | Lair:7   | Reached skill level 15 in Armour
 23081 | Lair:7   | Reached skill level 15 in Fighting
 23109 | Lair:7   | Received a gift from Okawaru
 24035 | Lair:8   | Entered Level 8 of the Lair of Beasts
 24663 | Lair:8   | Gained mutation: You are partially covered in icy blue scales (AC +1). [potion of beneficial mutation]
 25091 | Lair:8   | Found a burning altar of Makhleb.
 25123 | Lair:8   | Reached skill level 20 in Maces & Flails
 25289 | Lair:8   | Found a gateway to Hell.
 25869 | D:11     | Received a gift from Okawaru
 26038 | Orc:2    | Found a bloodstained altar of Trog.
 26923 | Orc:3    | Reached XP level 15. HP: 134/143 MP: 11/11
 27469 | Orc:4    | Entered Level 4 of the Orcish Mines
 27469 | Orc:4    | Found Loic's Assorted Antiques.
 27489 | Orc:4    | Bought a scroll of identify for 42 gold pieces
 27490 | Orc:4    | Identified the ring "Okhluer" {rElec SInv} (You found it on level 5 of the Lair of Beasts)
 27805 | Orc:4    | Found a staircase to the Elven Halls.
 28437 | Orc:4    | Found a roughly hewn altar of Beogh.
 28479 | Orc:4    | Found Boahef's Assorted Antiques.
 28479 | Orc:4    | Found Seabbih's Antique Armour Shoppe.
 28508 | Orc:4    | Received a gift from Okawaru
 28509 | Orc:4    | Got a crystal dire flail {god gift}
 28532 | Orc:4    | Identified the -1,+5 dire flail of the Butterfly {flame, rPois} (Okawaru gifted it to you on level 4 of the Orcish Mines)
 28851 | Orc:4    | Found Ushraeli's Weapon Boutique.
 28851 | Orc:4    | Found Apie's Antique Weapon Shoppe.
 29558 | Snake:1  | Reached skill level 21 in Maces & Flails
 30333 | Snake:2  | Noticed Aizul
 30351 | Snake:2  | Killed Aizul
 30584 | Snake:2  | Received a gift from Okawaru
 30722 | Snake:2  | Noticed Rupert
 30734 | Snake:2  | Killed Rupert
 31265 | Snake:2  | Got a sapphire-encrusted troll leather armour
 31282 | Snake:2  | Identified the cursed -4 troll leather armour of Wyozewn {Dex-1 Int-3} (You found it on level 2 of the Snake Pit)
 32012 | Snake:3  | Received a gift from Okawaru
 32048 | Snake:3  | Found a bloodstained altar of Trog.
 32126 | Snake:3  | Noticed Vashnia
 32178 | Snake:3  | Killed Vashnia
 33079 | Snake:4  | Reached XP level 16. HP: 154/154 MP: 11/11
 33151 | Snake:4  | Received a gift from Okawaru
 33152 | Snake:4  | Got a warped cloak {god gift}
 33220 | Snake:4  | Reached skill level 22 in Maces & Flails
 33235 | Snake:4  | Identified the +3 cloak of Ikhecybb {rPois Str+3 Dex+3} (Okawaru gifted it to you on level 4 of the Snake Pit)
 34304 | Snake:4  | Noticed Wiglaf
 34322 | Snake:4  | Killed Wiglaf
 34769 | Snake:5  | Entered Level 5 of the Snake Pit
 34823 | Snake:5  | Noticed Norris
 34834 | Snake:5  | Killed Norris
 34976 | Snake:5  | Noticed Dadi's ghost (mighty MiFi)
 35002 | Snake:5  | Killed Dadi's ghost
 35359 | Snake:5  | Received a gift from Okawaru
 35360 | Snake:5  | Got a faintly glowing hat {god gift}
 35367 | Snake:5  | Identified the -1 hat of Okawaru's Condemnation {Str+3 Dex+1} (Okawaru gifted it to you on level 5 of the Snake Pit)
 35456 | Snake:5  | Reached skill level 23 in Maces & Flails
 36374 | Snake:5  | Reached XP level 17. HP: 115/163 MP: 11/11
 36943 | Snake:5  | Identified the Catalogue of Battle Magic and the Volcanoes
 37589 | Snake:5  | Received a gift from Okawaru
 38136 | Snake:5  | Got a serpentine rune of Zot
 38182 | Snake:5  | Reached skill level 24 in Maces & Flails
 38610 | Shoals:1 | Entered Level 1 of the Shoals
 39447 | Shoals:2 | Noticed Frances
 40125 | D:11     | Received a gift from Okawaru
 40279 | D:14     | Found a gate to the Vaults.
 40338 | D:14     | Noticed an eight-headed hydra
 40344 | D:14     | Killed an eight-headed hydra
 40448 | D:14     | Got a pitted marble ring
 40762 | D:15     | Entered Level 15 of the Dungeon
 40769 | D:15     | Noticed Josephine
 40779 | D:15     | Killed Josephine
 41306 | D:15     | Found a staircase to the Depths.
 42176 | Shoals:2 | Killed Frances
 42191 | Shoals:2 | HP: 8/166 [manticore/volley of spikes (13)]
 42196 | Shoals:1 | Reached XP level 18. HP: 12/174 MP: 13/13
 42197 | Shoals:1 | HP: 6/174 [barbs]
 42642 | Shoals:2 | Received a gift from Okawaru
 43004 | Elf:1    | Entered Level 1 of the Elven Halls
 44244 | Elf:2    | Identified the ring "Mnaro" {rPois Int+3 Acc+3} (You found it on level 14 of the Dungeon)
 45132 | Elf:3    | Entered Level 3 of the Elven Halls
 45150 | Elf:3    | Reached skill level 25 in Maces & Flails
 45162 | Elf:3    | Noticed Snorg
 45168 | Elf:3    | Killed Snorg
 45795 | Elf:3    | Noticed a Brimstone Fiend
 46019 | Elf:3    | HP: 4/176 [spectral elf/bolt of negative energy[a deep elf death mage] (24)]
 46649 | Elf:3    | Received a gift from Okawaru
 46723 | Elf:3    | Killed from afar by a deep elf sorcerer

Action                   |  1- 3 |  4- 6 |  7- 9 | 10-12 | 13-15 | 16-18 || total
-------------------------+-------+-------+-------+-------+-------+-------++-------
Melee: Flail             |    86 |    91 |   641 |       |       |       ||   818
       Dire flail        |       |       |    43 |   663 |       |       ||   706
       Unarmed           |       |       |       |     9 |       |       ||     9
       Great mace        |       |       |       |   166 |  1314 |  1080 ||  2560
Invok: Heroism           |       |       |     5 |     5 |     7 |     3 ||    20
       Finesse           |       |       |       |       |     2 |     1 ||     3
Evoke: Wand              |       |       |     2 |     6 |     9 |     4 ||    21
  Use: Scroll            |     2 |     8 |     4 |     9 |    25 |     9 ||    57
       Potion            |       |     1 |     2 |     2 |     6 |     4 ||    15
 Stab: Confused          |       |       |       |     1 |       |       ||     1
